Login

Seattle Kraken vs St. Louis Blues

Created - April 28, 2024 at 21:55

Goals
1 2 3 OT1 T
Seattle Kraken 2 0 1 1 4
St. Louis Blues 1 0 2 0 3
Shots
1 2 3 OT1 T
Seattle Kraken 10 7 13 6 36
St. Louis Blues 15 12 9 0 36

GoalsPenalties
1st period
1. St. Louis Blues , Teuvo Teravainen 1 (Nikolaj Ehlers 2, Adam Fox 1) at 3:15 (PP)
2. Seattle Kraken , Jake Guentzel 3 (Matt Duchene 3, Brayden McNabb 4) at 7:23 (PP)
3. Seattle Kraken , Logan Couture 3 (Patrice Bergeron 2) at 18:09
Brandon Tanev (SEA) for Hooking (Minor) at 1:17
Nikolaj Ehlers (STL) for Interference (Minor) at 5:42
Vladislav Gavrikov (SEA) for Hooking (Minor) at 14:29
Jamie Benn (STL) for Charging (Minor) at 15:41
Jeff Petry (SEA) for Holding (Minor) at 18:16
2nd period
No Goal
Matthew Tkachuk (SEA) for Goalie Interference (Minor) at 14:11
Mark Giordano (STL) for Slashing (Minor) at 19:45
3rd period
4. Seattle Kraken , Matt Duchene 3 (Jake Guentzel 2, Mattias Ekholm 2) at 3:31 (PP)
5. St. Louis Blues , Yegor Sharangovich 1 (Nick Ritchie 1, Nick Foligno 1) at 9:23
6. St. Louis Blues , Jack Johnson 1 (Marc-Edouard Vlasic 1, Jeff Carter 1) at 14:08
Neal Pionk (STL) for Interference (Minor) at 3:19
Mason Marchment (STL) for Unsportsmanlike conduct (Major / Game Misconduct) at 18:19
Overtime #1
7. Seattle Kraken , Matthew Tkachuk 2 (Brandon Tanev 2) at 7:31
No Penalty
Goalie Stats
Linus Ullmark (SEA), 33 saves from 36 shots - (0.917), W, 4-0-0, 67:32 minutes
Joonas Korpisalo (STL), 32 saves from 36 shots - (0.889), OTL, 0-2-2, 67:32 minutes
3 StarsOfficial
1 - Jake Guentzel (SEA)
2 - Logan Couture (SEA)
3 - Matt Duchene (SEA)
Referees : Unknown
Linesman : Unknown
Game Note
Mason Marchment (STL) for Unsportsmanlike conduct (Major / Game Misconduct) at 18:19
Mason Marchment ejected from game at 18:19 of 3rd period
Finance
Level 1 -- Attendance: 6000 (100.00%) -- Ticket Income $456,000
Level 2 -- Attendance: 5000 (100.00%) -- Ticket Income $275,000
Level 3 -- Attendance: 2000 (100.00%) -- Ticket Income $70,000
Level 4 -- Attendance: 4000 (100.00%) -- Ticket Income $80,000
Luxury Box -- Attendance: 1000 (100.00%) -- Ticket Income $150,000
Game was played at the Scottrade Center.
Total Attendance: 18000 (100.00%)
Total Ticket Income: $1,031,000
Total Income: $1,031,000



Team Name Goals Shots Shots Attemp Shots Blocked PIM HIT PP PK FO%
Seattle Kraken 4366358192 / 5 (40%)159%
St. Louis Blues 33653923151 / 4 (25%)241%

Seattle Kraken
Player Name POS G A P +/- PIM HIT SHT SB MP PP MP PP SHT PK MP PK SHT FO% FOT
Brandon TanevLW/RW0111201014:160:0000:000100% 1
Brayden McNabbD011-1004025:314:2043:5600% 0
Claude GirouxC/LW0001011019:194:4910:00057% 21
Derek ForbortD000-1021018:250:0003:1200% 0
Jake GuentzelLW/RW1120027019:375:1410:120100% 1
Jeff PetryD000-1241223:445:4310:0000% 0
Justin HollD000-1010216:030:0000:3700% 0
Logan CoutureC/LW/RW1010024019:255:1410:0000% 0
Logan O'ConnorLW/RW0000000010:380:0004:10050% 2
Marcus FolignoLW/RW000-1021014:380:0000:0000% 2
Mark ScheifeleC/LW/RW000-1003019:404:4900:000100% 1
Matt DucheneC/LW112-1004019:525:1430:00052% 25
Matthew TkachukLW/RW1011215019:394:4920:0000% 0
Mattias EkholmD0112001026:475:4313:2400% 0
Nicolas Aube-KubelRW000002209:140:0002:4600% 0
Patrice BergeronC0110011118:550:0004:10063% 32
Radek FaksaC000000009:260:0002:58071% 7
Vladislav GavrikovD0002210024:324:2003:0700% 0
St. Louis Blues
Player Name POS G A P +/- PIM HIT SHT SB MP PP MP PP SHT PK MP PK SHT FO% FOT
Adam FoxD0110013126:463:3934:3300% 0
Cole CaufieldC0000024021:073:1501:36067% 3
Darnell NurseD0000013329:444:0435:4600% 0
Evan RodriguesC/LW/RW0000001015:210:0000:2700% 1
Jack JohnsonD1010011014:220:0001:0600% 0
Jamie BennC/LW000-1224022:132:1113:00029% 21
Jeff CarterC0111013118:101:0305:58043% 21
Johnny GaudreauLW000-1032120:593:1510:0000% 1
Marc-Edouard VlasicD0110012014:220:5300:1300% 0
Mark GiordanoD0000210324:432:5003:2300% 0
Mason MarchmentLW00011503014:000:0003:3200% 2
Neal PionkD0000201025:052:5005:0500% 0
Nick FolignoLW0110000011:130:5303:46067% 12
Nick RitchieLW/RW011000006:290:0000:0000% 0
Nikolaj EhlersLW/RW011-1201020:063:0010:0000% 1
Ryan JohansenC0000012018:473:5300:00043% 28
Teuvo TeravainenRW1011014016:383:5311:36150% 2
Yegor SharangovichC101000206:400:0000:1100% 0

Seattle Kraken

5 vs 5 Forward
Line #Left WingCenterRight WingPHYDFOFWanted %Time %Time Play
1Marcus FolignoMatt DucheneMark Scheifele0233330%14:38
2Matthew TkachukClaude GirouxBrandon Tanev0233229%14:17
3Jake GuentzelPatrice BergeronLogan Couture0233029%14:11
4Logan O'ConnorRadek FaksaNicolas Aube-Kubel230513%6:28
5 vs 5 Defense
Line #DefenseDefensePHYDFOFWanted %Time %Time Play
1Vladislav GavrikovMattias Ekholm0413534%17:06
2Brayden McNabbJeff Petry0413535%17:15
3Justin HollDerek Forbort0413031%15:13
4Vladislav GavrikovMattias Ekholm14000%0:00
Power Play Forward
Line #Left WingCenterRight WingPHYDFOFWanted %Time %Time Play
1Mark ScheifeleClaude GirouxMatthew Tkachuk0056048%4:49
2Jake GuentzelMatt DucheneLogan Couture0054052%5:14
Power Play Defense
Line #DefenseDefensePHYDFOFWanted %Time %Time Play
1Mattias EkholmJeff Petry0056057%5:43
2Vladislav GavrikovBrayden McNabb0054043%4:20
Penalty Kill 4 Players Forward
Line #CenterWingPHYDFOFWanted %Time %Time Play
1Patrice BergeronLogan O'Connor0506061%4:22
2Radek FaksaNicolas Aube-Kubel0504039%2:46
Penalty Kill 4 Players Defense
Line #DefenseDefensePHYDFOFWanted %Time %Time Play
1Vladislav GavrikovBrayden McNabb0506055%3:56
2Mattias EkholmDerek Forbort0504045%3:12
Penalty Kill 3 Players
Line #WingPHYDFOFWanted %Time %Time PlayDefenseDefensePHYDFOFWanted %Time %Time Play
1Patrice Bergeron050600%0:00 Brayden McNabbVladislav Gavrikov050600%0:00
2Radek Faksa050400%0:00 Mattias EkholmDerek Forbort050400%0:00
4 vs 4 Forward
Line #CenterWingPHYDFOFWanted %Time %Time Play
1Patrice BergeronMatthew Tkachuk1136072%0:34
2Claude GirouxMark Scheifele1134028%0:13
4 vs 4 Defense
Line #DefensePHYDFOFWanted %Time %Time Play
1Vladislav GavrikovMattias Ekholm13160100%60% - 0:47
2Jeff PetryBrayden McNabb131400%40% - 0:00
Last Minutes Offensive
Left WingCenterRight WingDefenseDefense
Matthew TkachukClaude GirouxMatt DucheneMattias EkholmJeff Petry
Last Minutes Defensive
Left WingCenterRight WingDefenseDefense
Marcus FolignoPatrice BergeronMatthew TkachukMattias EkholmBrayden McNabb
Time
Total ForwardTotal DefenseLast Minutes OffensiveLast Minutes Defensive
67:32 67:32 0:000:00
Extra Forwards
Normal PowerPlayPenalty Kill
Matt Duchene, Mark Scheifele, Matthew TkachukMark Scheifele, Patrice BergeronPatrice Bergeron
Extra Defensemen
Normal PowerPlayPenalty Kill
Vladislav Gavrikov, Mattias Ekholm, Jeff PetryMattias Ekholm, Mattias EkholmVladislav Gavrikov
Penalty Shots
Mark Scheifele, Claude Giroux, Logan Couture, Matt Duchene, Patrice Bergeron
Goalie
Linus Ullmark, Marc-Andre Fleury
Scratches
None

St. Louis Blues

5 vs 5 Forward
Line #Left WingCenterRight WingPHYDFOFWanted %Time %Time Play
1Johnny GaudreauJamie BennNikolaj Ehlers1223634%17:02
2Cole CaufieldRyan JohansenEvan Rodrigues1223130%14:54
3Mason MarchmentJeff CarterTeuvo Teravainen1222522%11:09
4Yegor SharangovichNick FolignoNick Ritchie122813%6:29
5 vs 5 Defense
Line #DefenseDefensePHYDFOFWanted %Time %Time Play
1Adam FoxNeal Pionk1224034%17:06
2Darnell NurseMark Giordano1224037%18:26
3Jack JohnsonMarc-Edouard Vlasic1312027%13:16
4Adam FoxDarnell Nurse12202%0:46
Power Play Forward
Line #Left WingCenterRight WingPHYDFOFWanted %Time %Time Play
1Johnny GaudreauJamie BennCole Caufield1136046%3:15
2Nikolaj EhlersRyan JohansenTeuvo Teravainen1134054%3:53
Power Play Defense
Line #DefenseDefensePHYDFOFWanted %Time %Time Play
1Adam FoxDarnell Nurse1136060%4:18
2Neal PionkMark Giordano1134040%2:50
Penalty Kill 4 Players Forward
Line #CenterWingPHYDFOFWanted %Time %Time Play
1Jeff CarterMason Marchment1406084%8:27
2Nick FolignoTeuvo Teravainen1404016%1:36
Penalty Kill 4 Players Defense
Line #DefenseDefensePHYDFOFWanted %Time %Time Play
1Darnell NurseNeal Pionk1406053%5:17
2Adam FoxMark Giordano1404047%4:46
Penalty Kill 3 Players
Line #WingPHYDFOFWanted %Time %Time PlayDefenseDefensePHYDFOFWanted %Time %Time Play
1Jeff Carter140600%0:00 Darnell NurseNeal Pionk140600%0:00
2Ryan Johansen140400%0:00 Adam FoxMark Giordano140400%0:00
4 vs 4 Forward
Line #CenterWingPHYDFOFWanted %Time %Time Play
1Jamie BennJohnny Gaudreau12260100%0:47
2Ryan JohansenCole Caufield122400%0:00
4 vs 4 Defense
Line #DefensePHYDFOFWanted %Time %Time Play
1Adam FoxDarnell Nurse1226089%60% - 0:42
2Neal PionkMark Giordano1224011%40% - 0:05
Last Minutes Offensive
Left WingCenterRight WingDefenseDefense
Johnny GaudreauJamie BennCole CaufieldAdam FoxDarnell Nurse
Last Minutes Defensive
Left WingCenterRight WingDefenseDefense
Jeff CarterJamie BennRyan JohansenAdam FoxDarnell Nurse
Time
Total ForwardTotal DefenseLast Minutes OffensiveLast Minutes Defensive
67:32 67:32 0:000:00
Extra Forwards
Normal PowerPlayPenalty Kill
Cole Caufield, Johnny Gaudreau, Nikolaj EhlersNikolaj Ehlers, Johnny GaudreauJamie Benn
Extra Defensemen
Normal PowerPlayPenalty Kill
Darnell Nurse, Adam Fox, Neal PionkMarc-Edouard Vlasic, Adam FoxDarnell Nurse
Penalty Shots
Jamie Benn, Cole Caufield, Johnny Gaudreau, Ryan Johansen, Evan Rodrigues
Goalie
Joonas Korpisalo, Semyon Varlamov
Scratches
None


Play-by-Play

1st period


0:01 of 1st period - Jamie Benn wins face-off versus Matt Duchene in neutral zone.
1:17 of 1st period - Minor Penalty to Brandon Tanev for Hooking.
1:18 of 1st period - Patrice Bergeron wins face-off versus Ryan Johansen in Seattle Kraken zone.
1:54 of 1st period - Shot by Darnell Nurse.
1:54 of 1st period - Shot Misses the Net.
1:56 of 1st period - Shot by Darnell Nurse.
1:56 of 1st period - Stopped by Linus Ullmark without a rebound.
1:57 of 1st period - Jeff Carter wins face-off versus Patrice Bergeron in Seattle Kraken zone.
2:44 of 1st period - Jeff Carter is hit by Nicolas Aube-Kubel and loses puck.
3:13 of 1st period - Shot by Adam Fox.
3:13 of 1st period - Stopped by Linus Ullmark with a rebound.
3:15 of 1st period - Shot by Nikolaj Ehlers.
3:15 of 1st period - Deflect By Teuvo Teravainen.
3:15 of 1st period - Goal by Teuvo Teravainen - Seattle Kraken : 0 - St. Louis Blues : 1.
3:16 of 1st period - Nick Foligno wins face-off versus Claude Giroux in neutral zone.
3:21 of 1st period - Shot by Yegor Sharangovich.
3:21 of 1st period - Stopped by Linus Ullmark with a rebound.
4:07 of 1st period - Shot by Jake Guentzel.
4:07 of 1st period - Stopped by Joonas Korpisalo without a rebound.
4:08 of 1st period - Ryan Johansen wins face-off versus Patrice Bergeron in St. Louis Blues zone.
4:24 of 1st period - Icing by Mattias Ekholm.
4:25 of 1st period - Patrice Bergeron wins face-off versus Jeff Carter in Seattle Kraken zone.
4:38 of 1st period - Shot by Patrice Bergeron.
4:38 of 1st period - Shot Blocked by Adam Fox.
4:52 of 1st period - Shot by Jake Guentzel.
4:52 of 1st period - Stopped by Joonas Korpisalo with a rebound.
4:54 of 1st period - Shot by Patrice Bergeron.
4:54 of 1st period - Deflect By Logan Couture.
4:54 of 1st period - Shot Misses the Net.
4:56 of 1st period - Shot by Mattias Ekholm.
4:56 of 1st period - Shot Blocked by Darnell Nurse.
5:10 of 1st period - Icing by Jeff Petry.
5:11 of 1st period - Matt Duchene wins face-off versus Ryan Johansen in Seattle Kraken zone.
5:25 of 1st period - Shot by Cole Caufield.
5:25 of 1st period - Shot Blocked by Jeff Petry.
5:31 of 1st period - Shot by Cole Caufield.
5:31 of 1st period - Deflect By Ryan Johansen.
5:31 of 1st period - Stopped by Linus Ullmark without a rebound.
5:32 of 1st period - Jamie Benn wins face-off versus Claude Giroux in Seattle Kraken zone.
5:42 of 1st period - Minor Penalty to Nikolaj Ehlers for Interference.
5:43 of 1st period - Claude Giroux wins face-off versus Jeff Carter in St. Louis Blues zone.
6:20 of 1st period - Darnell Nurse is hit by Matthew Tkachuk and loses puck.
6:49 of 1st period - Shot by Teuvo Teravainen.
6:49 of 1st period - Stopped by Linus Ullmark without a rebound.
6:50 of 1st period - Matt Duchene wins face-off versus Jamie Benn in Seattle Kraken zone.
7:03 of 1st period - Shot by Brayden McNabb.
7:03 of 1st period - Stopped by Joonas Korpisalo with a rebound.
7:05 of 1st period - Shot by Vladislav Gavrikov.
7:05 of 1st period - Shot Misses the Net.
7:23 of 1st period - Shot by Jake Guentzel.
7:23 of 1st period - Goal by Jake Guentzel - Seattle Kraken : 1 - St. Louis Blues : 1.
7:24 of 1st period - Radek Faksa wins face-off versus Ryan Johansen in neutral zone.
7:36 of 1st period - Derek Forbort is hit by Marc-Edouard Vlasic.
7:42 of 1st period - Shot by Evan Rodrigues.
7:42 of 1st period - Stopped by Linus Ullmark without a rebound.
7:43 of 1st period - Jamie Benn wins face-off versus Claude Giroux in Seattle Kraken zone.
7:44 of 1st period - Shot by Nikolaj Ehlers.
7:44 of 1st period - Shot Blocked by Jeff Petry.
8:26 of 1st period - Adam Fox is hit by Jeff Petry and loses puck.
8:36 of 1st period - Jeff Petry is hit by Ryan Johansen and loses puck.
8:59 of 1st period - Evan Rodrigues is hit by Jeff Petry and loses puck.
9:16 of 1st period - Shot by Marcus Foligno.
9:16 of 1st period - Shot Misses the Net.
9:23 of 1st period - Darnell Nurse is hit by Justin Holl and loses puck.
9:34 of 1st period - Shot by Mason Marchment.
9:34 of 1st period - Stopped by Linus Ullmark without a rebound.
9:35 of 1st period - Patrice Bergeron wins face-off versus Jeff Carter in Seattle Kraken zone.
9:55 of 1st period - Icing by Mattias Ekholm.
9:56 of 1st period - Patrice Bergeron wins face-off versus Jamie Benn in Seattle Kraken zone.
10:53 of 1st period - Icing by Mason Marchment.
10:54 of 1st period - Jeff Carter wins face-off versus Matt Duchene in St. Louis Blues zone.
10:59 of 1st period - Shot by Darnell Nurse.
10:59 of 1st period - Shot Misses the Net.
11:01 of 1st period - Shot by Teuvo Teravainen.
11:01 of 1st period - Shot Misses the Net.
11:17 of 1st period - Shot by Jeff Carter.
11:17 of 1st period - Stopped by Linus Ullmark without a rebound.
11:18 of 1st period - Radek Faksa wins face-off versus Ryan Johansen in Seattle Kraken zone.
11:32 of 1st period - Shot by Nicolas Aube-Kubel.
11:32 of 1st period - Stopped by Joonas Korpisalo without a rebound.
11:33 of 1st period - Matt Duchene wins face-off versus Jamie Benn in St. Louis Blues zone.
11:38 of 1st period - Shot by Marcus Foligno.
11:38 of 1st period - Stopped by Joonas Korpisalo without a rebound.
11:39 of 1st period - Ryan Johansen wins face-off versus Marcus Foligno in St. Louis Blues zone.
12:40 of 1st period - Shot by Jamie Benn.
12:40 of 1st period - Shot Misses the Net.
12:42 of 1st period - Shot by Jamie Benn.
12:42 of 1st period - Stopped by Linus Ullmark without a rebound.
12:43 of 1st period - Patrice Bergeron wins face-off versus Teuvo Teravainen in Seattle Kraken zone.
13:08 of 1st period - Jeff Petry is hit by Jack Johnson and loses puck.
13:54 of 1st period - Shot by Brandon Tanev.
13:54 of 1st period - Stopped by Joonas Korpisalo without a rebound.
13:55 of 1st period - Ryan Johansen wins face-off versus Radek Faksa in St. Louis Blues zone.
14:29 of 1st period - Minor Penalty to Vladislav Gavrikov for Hooking.
14:30 of 1st period - Patrice Bergeron wins face-off versus Jamie Benn in Seattle Kraken zone.
14:38 of 1st period - Off-side.
14:39 of 1st period - Patrice Bergeron wins face-off versus Ryan Johansen in neutral zone.
15:12 of 1st period - Shot by Darnell Nurse.
15:12 of 1st period - Stopped by Linus Ullmark with a rebound.
15:14 of 1st period - Shot by Darnell Nurse.
15:14 of 1st period - Stopped by Linus Ullmark without a rebound.
15:15 of 1st period - Radek Faksa wins face-off versus Jamie Benn in Seattle Kraken zone.
15:15 of 1st period - Radek Faksa is hit by Johnny Gaudreau.
15:41 of 1st period - Minor Penalty to Jamie Benn for Charging.
15:42 of 1st period - Cole Caufield wins face-off versus Patrice Bergeron in St. Louis Blues zone.
15:47 of 1st period - Jeff Petry is hit by Johnny Gaudreau and loses puck.
16:51 of 1st period - Shot by Brayden McNabb.
16:51 of 1st period - Shot Misses the Net.
17:07 of 1st period - Shot by Logan Couture.
17:07 of 1st period - Stopped by Joonas Korpisalo without a rebound.
17:08 of 1st period - Claude Giroux wins face-off versus Jeff Carter in St. Louis Blues zone.
17:26 of 1st period - Jeff Petry is hit by Teuvo Teravainen and loses puck.
17:33 of 1st period - Shot by Mattias Ekholm.
17:33 of 1st period - Stopped by Joonas Korpisalo with a rebound.
18:07 of 1st period - Icing by Jack Johnson.
18:08 of 1st period - Patrice Bergeron wins face-off versus Jamie Benn in St. Louis Blues zone.
18:09 of 1st period - Shot by Logan Couture.
18:09 of 1st period - Goal by Logan Couture - Seattle Kraken : 2 - St. Louis Blues : 1.
18:10 of 1st period - Ryan Johansen wins face-off versus Matt Duchene in neutral zone.
18:16 of 1st period - Minor Penalty to Jeff Petry for Holding.
18:17 of 1st period - Patrice Bergeron wins face-off versus Ryan Johansen in Seattle Kraken zone.
18:45 of 1st period - Shot by Nikolaj Ehlers.
18:45 of 1st period - Stopped by Linus Ullmark without a rebound.
18:46 of 1st period - Patrice Bergeron wins face-off versus Jamie Benn in Seattle Kraken zone.
19:18 of 1st period - Shot by Johnny Gaudreau.
19:18 of 1st period - Stopped by Linus Ullmark without a rebound.
19:19 of 1st period - Ryan Johansen wins face-off versus Patrice Bergeron in Seattle Kraken zone.
19:20 of 1st period - Shot by Adam Fox.
19:20 of 1st period - Shot Misses the Net.
19:54 of 1st period - Shot by Adam Fox.
19:54 of 1st period - Stopped by Linus Ullmark with a rebound.
Goals for this period are 2 for Seattle Kraken vs 1 for St. Louis Blues.
Shots for this period are 10 for Seattle Kraken vs 15 for St. Louis Blues.

2nd period


0:01 of 2nd period - Patrice Bergeron wins face-off versus Jamie Benn in neutral zone.
0:14 of 2nd period - Shot by Jamie Benn.
0:14 of 2nd period - Stopped by Linus Ullmark without a rebound.
0:15 of 2nd period - Ryan Johansen wins face-off versus Patrice Bergeron in Seattle Kraken zone.
1:10 of 2nd period - Darnell Nurse is hit by Jeff Petry and loses puck.
1:46 of 2nd period - Shot by Jamie Benn.
1:46 of 2nd period - Stopped by Linus Ullmark without a rebound.
1:47 of 2nd period - Ryan Johansen wins face-off versus Patrice Bergeron in Seattle Kraken zone.
1:50 of 2nd period - Shot by Marc-Edouard Vlasic.
1:50 of 2nd period - Stopped by Linus Ullmark with a rebound.
1:52 of 2nd period - Shot by Marc-Edouard Vlasic.
1:52 of 2nd period - Stopped by Linus Ullmark without a rebound.
1:53 of 2nd period - Ryan Johansen wins face-off versus Patrice Bergeron in Seattle Kraken zone.
2:04 of 2nd period - Shot by Ryan Johansen.
2:04 of 2nd period - Shot Blocked by Patrice Bergeron.
2:06 of 2nd period - Shot by Evan Rodrigues.
2:06 of 2nd period - Shot Misses the Net.
2:28 of 2nd period - Shot by Patrice Bergeron.
2:28 of 2nd period - Stopped by Joonas Korpisalo without a rebound.
2:29 of 2nd period - Claude Giroux wins face-off versus Jamie Benn in St. Louis Blues zone.
2:34 of 2nd period - Shot by Claude Giroux.
2:34 of 2nd period - Shot Misses the Net.
3:09 of 2nd period - Shot by Jamie Benn.
3:09 of 2nd period - Stopped by Linus Ullmark with a rebound.
3:19 of 2nd period - Vladislav Gavrikov is hit by Johnny Gaudreau and loses puck.
3:27 of 2nd period - Icing by Vladislav Gavrikov.
3:28 of 2nd period - Claude Giroux wins face-off versus Ryan Johansen in Seattle Kraken zone.
3:39 of 2nd period - Icing by Mark Giordano.
3:40 of 2nd period - Cole Caufield wins face-off versus Matt Duchene in St. Louis Blues zone.
3:55 of 2nd period - Shot by Cole Caufield.
3:55 of 2nd period - Stopped by Linus Ullmark without a rebound.
3:56 of 2nd period - Patrice Bergeron wins face-off versus Jeff Carter in Seattle Kraken zone.
4:01 of 2nd period - Marc-Edouard Vlasic is hit by Logan Couture and loses puck.
4:08 of 2nd period - Mason Marchment is hit by Derek Forbort.
4:20 of 2nd period - Shot by Logan Couture.
4:20 of 2nd period - Stopped by Joonas Korpisalo with a rebound.
4:48 of 2nd period - Darnell Nurse is hit by Jake Guentzel and loses puck.
5:04 of 2nd period - Icing by Brayden McNabb.
5:05 of 2nd period - Matt Duchene wins face-off versus Evan Rodrigues in Seattle Kraken zone.
5:46 of 2nd period - Shot by Cole Caufield.
5:46 of 2nd period - Stopped by Linus Ullmark with a rebound.
7:01 of 2nd period - Shot by Mason Marchment.
7:01 of 2nd period - Shot Misses the Net.
7:35 of 2nd period - Icing by Derek Forbort.
7:36 of 2nd period - Nick Foligno wins face-off versus Patrice Bergeron in Seattle Kraken zone.
8:02 of 2nd period - Icing by Nick Ritchie.
8:03 of 2nd period - Nick Foligno wins face-off versus Logan O'Connor in St. Louis Blues zone.
8:39 of 2nd period - Shot by Radek Faksa.
8:39 of 2nd period - Deflect By Nicolas Aube-Kubel.
8:39 of 2nd period - Stopped by Joonas Korpisalo without a rebound.
8:40 of 2nd period - Ryan Johansen wins face-off versus Matt Duchene in St. Louis Blues zone.
8:48 of 2nd period - Icing by Mattias Ekholm.
8:49 of 2nd period - Mark Scheifele wins face-off versus Jamie Benn in Seattle Kraken zone.
9:24 of 2nd period - Matt Duchene is hit by Jamie Benn and loses puck.
10:05 of 2nd period - Icing by Evan Rodrigues.
10:06 of 2nd period - Claude Giroux wins face-off versus Ryan Johansen in St. Louis Blues zone.
10:14 of 2nd period - Icing by Neal Pionk.
10:15 of 2nd period - Patrice Bergeron wins face-off versus Ryan Johansen in St. Louis Blues zone.
10:27 of 2nd period - Off-side.
10:28 of 2nd period - Jamie Benn wins face-off versus Claude Giroux in neutral zone.
10:31 of 2nd period - Shot by Jamie Benn.
10:31 of 2nd period - Deflect By Johnny Gaudreau.
10:31 of 2nd period - Stopped by Linus Ullmark without a rebound.
10:32 of 2nd period - Claude Giroux wins face-off versus Jamie Benn in Seattle Kraken zone.
10:53 of 2nd period - Icing by Mark Giordano.
10:54 of 2nd period - Patrice Bergeron wins face-off versus Jamie Benn in St. Louis Blues zone.
10:59 of 2nd period - Shot by Logan Couture.
10:59 of 2nd period - Deflect By Jake Guentzel.
10:59 of 2nd period - Stopped by Joonas Korpisalo without a rebound.
11:00 of 2nd period - Ryan Johansen wins face-off versus Patrice Bergeron in St. Louis Blues zone.
11:29 of 2nd period - Icing by Evan Rodrigues.
11:30 of 2nd period - Claude Giroux wins face-off versus Ryan Johansen in St. Louis Blues zone.
12:27 of 2nd period - Shot by Jamie Benn.
12:27 of 2nd period - Shot Misses the Net.
12:37 of 2nd period - Shot by Mark Scheifele.
12:37 of 2nd period - Stopped by Joonas Korpisalo without a rebound.
12:38 of 2nd period - Patrice Bergeron wins face-off versus Jeff Carter in St. Louis Blues zone.
12:51 of 2nd period - Shot by Jake Guentzel.
12:51 of 2nd period - Stopped by Joonas Korpisalo without a rebound.
12:52 of 2nd period - Nick Foligno wins face-off versus Matt Duchene in St. Louis Blues zone.
12:59 of 2nd period - Shot by Matt Duchene.
12:59 of 2nd period - Deflect By Mark Scheifele.
12:59 of 2nd period - Stopped by Joonas Korpisalo without a rebound.
13:00 of 2nd period - Matt Duchene wins face-off versus Mason Marchment in St. Louis Blues zone.
13:27 of 2nd period - Shot by Teuvo Teravainen.
13:27 of 2nd period - Stopped by Linus Ullmark without a rebound.
13:28 of 2nd period - Jamie Benn wins face-off versus Claude Giroux in Seattle Kraken zone.
14:11 of 2nd period - Minor Penalty to Matthew Tkachuk for Goalie Interference.
14:12 of 2nd period - Patrice Bergeron wins face-off versus Ryan Johansen in Seattle Kraken zone.
14:35 of 2nd period - Icing by Teuvo Teravainen.
14:36 of 2nd period - Patrice Bergeron wins face-off versus Ryan Johansen in St. Louis Blues zone.
14:41 of 2nd period - Shot by Patrice Bergeron.
14:41 of 2nd period - Shot Misses the Net.
14:43 of 2nd period - Shot by Derek Forbort.
14:43 of 2nd period - Shot Misses the Net.
15:35 of 2nd period - Vladislav Gavrikov is hit by Jamie Benn and loses puck.
16:08 of 2nd period - Shot by Adam Fox.
16:08 of 2nd period - Stopped by Linus Ullmark without a rebound.
16:09 of 2nd period - Logan O'Connor wins face-off versus Johnny Gaudreau in Seattle Kraken zone.
16:11 of 2nd period - Icing by Patrice Bergeron.
16:12 of 2nd period - Nick Foligno wins face-off versus Matt Duchene in Seattle Kraken zone.
17:13 of 2nd period - Shot by Adam Fox.
17:13 of 2nd period - Shot Blocked by Justin Holl.
17:15 of 2nd period - Shot by Jeff Carter.
17:15 of 2nd period - Stopped by Linus Ullmark with a rebound.
17:17 of 2nd period - Shot by Jeff Carter.
17:17 of 2nd period - Shot Misses the Net.
17:19 of 2nd period - Shot by Teuvo Teravainen.
17:19 of 2nd period - Shot Misses the Net.
17:21 of 2nd period - Shot by Jeff Carter.
17:21 of 2nd period - Shot Blocked by Justin Holl.
17:35 of 2nd period - Shot by Mason Marchment.
17:35 of 2nd period - Stopped by Linus Ullmark without a rebound.
17:36 of 2nd period - Patrice Bergeron wins face-off versus Ryan Johansen in Seattle Kraken zone.
18:10 of 2nd period - Icing by Brayden McNabb.
18:11 of 2nd period - Jake Guentzel wins face-off versus Jamie Benn in Seattle Kraken zone.
18:52 of 2nd period - Off-side.
18:53 of 2nd period - Jeff Carter wins face-off versus Radek Faksa in neutral zone.
19:24 of 2nd period - Icing by Darnell Nurse.
19:25 of 2nd period - Jeff Carter wins face-off versus Claude Giroux in St. Louis Blues zone.
19:45 of 2nd period - Minor Penalty to Mark Giordano for Slashing.
19:46 of 2nd period - Matt Duchene wins face-off versus Mason Marchment in St. Louis Blues zone.
Goals for this period are 0 for Seattle Kraken vs 0 for St. Louis Blues.
Shots for this period are 7 for Seattle Kraken vs 12 for St. Louis Blues.

3rd period


0:01 of 3rd period - Claude Giroux wins face-off versus Jeff Carter in neutral zone.
0:18 of 3rd period - Mattias Ekholm is hit by Jeff Carter and loses puck.
0:27 of 3rd period - Shot by Matthew Tkachuk.
0:27 of 3rd period - Shot Misses the Net.
0:41 of 3rd period - Shot by Claude Giroux.
0:41 of 3rd period - Stopped by Joonas Korpisalo with a rebound.
0:54 of 3rd period - Logan Couture is hit by Adam Fox and loses puck.
1:10 of 3rd period - Shot by Matt Duchene.
1:10 of 3rd period - Shot Misses the Net.
1:12 of 3rd period - Shot by Brayden McNabb.
1:12 of 3rd period - Stopped by Joonas Korpisalo with a rebound.
1:14 of 3rd period - Shot by Brayden McNabb.
1:14 of 3rd period - Shot Misses the Net.
1:16 of 3rd period - Shot by Brayden McNabb.
1:16 of 3rd period - Stopped by Joonas Korpisalo without a rebound.
1:17 of 3rd period - Matt Duchene wins face-off versus Nick Foligno in St. Louis Blues zone.
1:34 of 3rd period - Icing by Vladislav Gavrikov.
1:35 of 3rd period - Nick Foligno wins face-off versus Matt Duchene in Seattle Kraken zone.
2:03 of 3rd period - Derek Forbort is hit by Cole Caufield and loses puck.
3:03 of 3rd period - Shot by Matthew Tkachuk.
3:03 of 3rd period - Stopped by Joonas Korpisalo with a rebound.
3:19 of 3rd period - Minor Penalty to Neal Pionk for Interference.
3:20 of 3rd period - Jeff Carter wins face-off versus Matt Duchene in St. Louis Blues zone.
3:31 of 3rd period - Shot by Matt Duchene.
3:31 of 3rd period - Goal by Matt Duchene - Seattle Kraken : 3 - St. Louis Blues : 1.
3:32 of 3rd period - Matt Duchene wins face-off versus Ryan Johansen in neutral zone.
3:32 of 3rd period - Matt Duchene is hit by Cole Caufield.
3:55 of 3rd period - Icing by Matt Duchene.
3:56 of 3rd period - Matt Duchene wins face-off versus Jeff Carter in Seattle Kraken zone.
5:26 of 3rd period - Mark Giordano is hit by Claude Giroux and loses puck.
6:52 of 3rd period - Adam Fox is hit by Vladislav Gavrikov and loses puck.
7:11 of 3rd period - Shot by Cole Caufield.
7:11 of 3rd period - Stopped by Linus Ullmark with a rebound.
7:15 of 3rd period - Shot by Ryan Johansen.
7:15 of 3rd period - Stopped by Linus Ullmark with a rebound.
7:17 of 3rd period - Shot by Neal Pionk.
7:17 of 3rd period - Shot Hit the Post.
7:21 of 3rd period - Shot by Cole Caufield.
7:21 of 3rd period - Stopped by Linus Ullmark without a rebound.
7:22 of 3rd period - Jeff Carter wins face-off versus Patrice Bergeron in Seattle Kraken zone.
7:23 of 3rd period - Shot by Mason Marchment.
7:23 of 3rd period - Stopped by Linus Ullmark without a rebound.
7:24 of 3rd period - Patrice Bergeron wins face-off versus Jeff Carter in Seattle Kraken zone.
7:33 of 3rd period - Shot by Patrice Bergeron.
7:33 of 3rd period - Shot Misses the Net.
7:36 of 3rd period - Icing by Jack Johnson.
7:37 of 3rd period - Teuvo Teravainen wins face-off versus Claude Giroux in St. Louis Blues zone.
7:52 of 3rd period - Shot by Jeff Carter.
7:52 of 3rd period - Deflect By Teuvo Teravainen.
7:52 of 3rd period - Stopped by Linus Ullmark with a rebound.
7:54 of 3rd period - Shot by Marc-Edouard Vlasic.
7:54 of 3rd period - Shot Misses the Net.
9:08 of 3rd period - Evan Rodrigues is hit by Patrice Bergeron and loses puck.
9:23 of 3rd period - Shot by Nick Ritchie.
9:23 of 3rd period - Deflect By Yegor Sharangovich.
9:23 of 3rd period - Goal by Yegor Sharangovich - Seattle Kraken : 3 - St. Louis Blues : 2.
9:24 of 3rd period - Matt Duchene wins face-off versus Nick Foligno in neutral zone.
9:47 of 3rd period - Shot by Mark Scheifele.
9:47 of 3rd period - Stopped by Joonas Korpisalo with a rebound.
11:45 of 3rd period - Icing by Patrice Bergeron.
11:46 of 3rd period - Patrice Bergeron wins face-off versus Ryan Johansen in Seattle Kraken zone.
12:05 of 3rd period - Jack Johnson is hit by Logan Couture and loses puck.
12:12 of 3rd period - Shot by Jake Guentzel.
12:12 of 3rd period - Stopped by Joonas Korpisalo without a rebound.
12:13 of 3rd period - Nick Foligno wins face-off versus Matt Duchene in St. Louis Blues zone.
12:13 of 3rd period - Nick Foligno is hit by Marcus Foligno.
12:39 of 3rd period - Shot by Mark Scheifele.
12:39 of 3rd period - Deflect By Matt Duchene.
12:39 of 3rd period - Stopped by Joonas Korpisalo with a rebound.
12:41 of 3rd period - Shot by Derek Forbort.
12:41 of 3rd period - Stopped by Joonas Korpisalo without a rebound.
12:42 of 3rd period - Radek Faksa wins face-off versus Ryan Johansen in St. Louis Blues zone.
13:04 of 3rd period - Cole Caufield is hit by Jeff Petry and loses puck.
13:17 of 3rd period - Darnell Nurse is hit by Nicolas Aube-Kubel and loses puck.
13:34 of 3rd period - Vladislav Gavrikov is hit by Mark Giordano and loses puck.
14:00 of 3rd period - Off-side.
14:01 of 3rd period - Jeff Carter wins face-off versus Matt Duchene in neutral zone.
14:03 of 3rd period - Marc-Edouard Vlasic is hit by Derek Forbort and loses puck.
14:08 of 3rd period - Shot by Jack Johnson.
14:08 of 3rd period - Goal by Jack Johnson - Seattle Kraken : 3 - St. Louis Blues : 3.
14:09 of 3rd period - Jamie Benn wins face-off versus Marcus Foligno in neutral zone.
14:09 of 3rd period - Adam Fox is hit by Marcus Foligno and loses puck.
14:41 of 3rd period - Shot by Neal Pionk.
14:41 of 3rd period - Stopped by Linus Ullmark without a rebound.
14:42 of 3rd period - Jeff Carter wins face-off versus Claude Giroux in Seattle Kraken zone.
14:57 of 3rd period - Shot by Jeff Carter.
14:57 of 3rd period - Stopped by Linus Ullmark without a rebound.
14:58 of 3rd period - Nick Foligno wins face-off versus Patrice Bergeron in Seattle Kraken zone.
15:17 of 3rd period - Shot by Jake Guentzel.
15:17 of 3rd period - Shot Blocked by Mark Giordano.
15:35 of 3rd period - Shot by Logan Couture.
15:35 of 3rd period - Stopped by Joonas Korpisalo without a rebound.
15:36 of 3rd period - Ryan Johansen wins face-off versus Claude Giroux in St. Louis Blues zone.
15:48 of 3rd period - Icing by Jeff Petry.
15:49 of 3rd period - Claude Giroux wins face-off versus Nikolaj Ehlers in Seattle Kraken zone.
17:16 of 3rd period - Shot by Patrice Bergeron.
17:16 of 3rd period - Shot Blocked by Mark Giordano.
18:19 of 3rd period - Major / Game Misconduct Penalty to Mason Marchment for Unsportsmanlike conduct.
18:19 of 3rd period - Mason Marchment is ejected from game.
18:20 of 3rd period - Matt Duchene wins face-off versus Jeff Carter in St. Louis Blues zone.
18:29 of 3rd period - Shot by Matt Duchene.
18:29 of 3rd period - Stopped by Joonas Korpisalo with a rebound.
18:31 of 3rd period - Shot by Mattias Ekholm.
18:31 of 3rd period - Shot Blocked by Darnell Nurse.
18:49 of 3rd period - Shot by Matt Duchene.
18:49 of 3rd period - Stopped by Joonas Korpisalo without a rebound.
18:50 of 3rd period - Claude Giroux wins face-off versus Cole Caufield in St. Louis Blues zone.
19:25 of 3rd period - Shot by Matthew Tkachuk.
19:25 of 3rd period - Stopped by Joonas Korpisalo without a rebound.
19:26 of 3rd period - Matt Duchene wins face-off versus Jamie Benn in St. Louis Blues zone.
19:29 of 3rd period - Shot by Jeff Petry.
19:29 of 3rd period - Shot Misses the Net.
19:31 of 3rd period - Shot by Jeff Petry.
19:31 of 3rd period - Shot Blocked by Darnell Nurse.
19:33 of 3rd period - Shot by Jeff Petry.
19:33 of 3rd period - Shot Misses the Net.
Goals for this period are 1 for Seattle Kraken vs 2 for St. Louis Blues.
Shots for this period are 13 for Seattle Kraken vs 9 for St. Louis Blues.

Overtime #1


0:01 of 1st overtime period - Claude Giroux wins face-off versus Jeff Carter in neutral zone.
0:20 of 1st overtime period - Shot by Jeff Petry.
0:20 of 1st overtime period - Shot Misses the Net.
0:26 of 1st overtime period - Shot by Jeff Petry.
0:26 of 1st overtime period - Shot Blocked by Mark Giordano.
0:32 of 1st overtime period - Shot by Mark Scheifele.
0:32 of 1st overtime period - Shot Misses the Net.
0:34 of 1st overtime period - Shot by Jeff Petry.
0:34 of 1st overtime period - Stopped by Joonas Korpisalo without a rebound.
0:35 of 1st overtime period - Jeff Carter wins face-off versus Matt Duchene in St. Louis Blues zone.
0:54 of 1st overtime period - Shot by Brayden McNabb.
0:54 of 1st overtime period - Stopped by Joonas Korpisalo with a rebound.
1:07 of 1st overtime period - Icing by Matt Duchene.
1:08 of 1st overtime period - Matt Duchene wins face-off versus Jeff Carter in Seattle Kraken zone.
1:51 of 1st overtime period - Shot by Matthew Tkachuk.
1:51 of 1st overtime period - Shot Misses the Net.
1:53 of 1st overtime period - Shot by Mattias Ekholm.
1:53 of 1st overtime period - Shot Misses the Net.
1:55 of 1st overtime period - Shot by Claude Giroux.
1:55 of 1st overtime period - Deflect By Matthew Tkachuk.
1:55 of 1st overtime period - Stopped by Joonas Korpisalo with a rebound.
2:36 of 1st overtime period - Off-side.
2:37 of 1st overtime period - Claude Giroux wins face-off versus Jamie Benn in neutral zone.
2:54 of 1st overtime period - Shot by Mattias Ekholm.
2:54 of 1st overtime period - Shot Blocked by Jeff Carter.
3:42 of 1st overtime period - Shot by Nicolas Aube-Kubel.
3:42 of 1st overtime period - Shot Misses the Net.
3:57 of 1st overtime period - Icing by Jack Johnson.
3:58 of 1st overtime period - Ryan Johansen wins face-off versus Patrice Bergeron in St. Louis Blues zone.
4:02 of 1st overtime period - Marc-Edouard Vlasic is hit by Jake Guentzel and loses puck.
5:15 of 1st overtime period - Shot by Mark Scheifele.
5:15 of 1st overtime period - Shot Blocked by Johnny Gaudreau.
6:30 of 1st overtime period - Shot by Matthew Tkachuk.
6:30 of 1st overtime period - Stopped by Joonas Korpisalo without a rebound.
6:31 of 1st overtime period - Radek Faksa wins face-off versus Nick Foligno in St. Louis Blues zone.
6:31 of 1st overtime period - Derek Forbort is hit by Darnell Nurse and loses puck.
7:18 of 1st overtime period - Shot by Jake Guentzel.
7:18 of 1st overtime period - Stopped by Joonas Korpisalo with a rebound.
7:27 of 1st overtime period - Icing by Mark Giordano.
7:28 of 1st overtime period - Brandon Tanev wins face-off versus Nick Foligno in St. Louis Blues zone.
7:31 of 1st overtime period - Shot by Matthew Tkachuk.
7:31 of 1st overtime period - Goal by Matthew Tkachuk - Seattle Kraken : 4 - St. Louis Blues : 3.
Goals for this period are 1 for Seattle Kraken vs 0 for St. Louis Blues.
Shots for this period are 6 for Seattle Kraken vs 0 for St. Louis Blues.